 Dungeon Crawl Stone Soup version 0.31.0-10-gcf4a605ca0 (webtiles) character file.

Game seed: 15890846652317259339

387 Gadfly the Ruffian (level 6, -1/50 HPs)
             Began as a Draconian Shapeshifter on Jan 26, 2024.
             Was an Initiate of Ru.
             Slain by a killer bee (7 damage)
             ... on level 7 of the Dungeon.
             The game lasted 00:04:47 (3396 turns).

Gadfly the Ruffian (Draconian Shapeshifter)         Turns: 3396, Time: 00:04:48

Health: -1/50      AC:  6    Str: 16    XL:     6   Next: 49%
Magic:  6/6        EV: 13    Int: 10    God:    Ru [......]
Gold:   125        SH:  0    Dex: 13    Spells: 4/5 levels left

rFire   . .          .
                       - Unarmed
rCold   . . .        (no shield)
rNeg    . . .        (body armour unavailable)
rPois   .            (helmet currently unavailable)
rElec   .            (cloak currently unavailable)
rCorr   .            (gloves currently unavailable)
SInv    .            (boots currently unavailable)
Will    .....        (no amulet)
Stlth   +            (no ring)
HPRegen 0.28/turn    (no ring)
MPRegen 0.10/turn

%: no passive effects
@: beast-form, hasted, very quick
A: beast (slay +2), AC +6, unfitting armour, cold-blooded
a: Begin Untransformation, Renounce Religion


You were on level 7 of the Dungeon.
You worshipped Ru.
Ru was noncommittal.
You were a hulking beast.
You visited 2 branches of the dungeon, and saw 6 of its levels.

You collected 125 gold pieces.

Inventory:

Talismans
 b - a beast talisman
 c - a flux talisman
Scrolls
 e - 3 scrolls of identify
 h - a scroll of blinking
 i - 2 scrolls of teleportation
Potions
 f - a potion of mutation


   Skills:
 + Level 2.6 Fighting
 * Level 3.3 Dodging
 * Level 4.2 Unarmed Combat
 * Level 2.8 Evocations
 * Level 4.1 Shapeshifting


You had 4 spell levels left.
You knew the following spells:

 Your Spells              Type           Power      Damage    Failure   Level
a - Apportation           Tloc           0%         N/A       36%         1

Your spell library contained the following spells:

 Spells                   Type           Power      Damage    Failure   Level
 Foxfire                  Conj/Fire      0%         2x1d4     36%         1
 Sandblast                Erth           0%         2d4       36%         1
 Jinxbite                 Hex            0%         N/A       50%         2
 Inner Flame              Hex/Fire       0%         N/A       75%         3
 Passwall                 Erth           0%         N/A       75%         3
 Stone Arrow              Conj/Erth      0%         3d7       75%         3
 Brom's Barrelling Bould  Conj/Erth      0%         2d3       98%         4
 Flame Wave               Conj/Fire      0%         2d4       98%         4
 Sticky Flame             Fire/Alch      0%         2d4       98%         4
 Alistair's Intoxication  Alch           0%         N/A       100%        5
 Plasma Beam              Fire/Air       0%         2x1d10    100%        6
 Starburst                Conj/Fire      0%         6d3       100%        6


Dungeon Overview and Level Annotations

Branches:
Dungeon (4/15)             Temple (1/1) D:4

Altars:
Cheibriados
Fedhas
Hepliaklqana
Kikubaaqudgha
Makhleb
Nemelex Xobeh
Okawaru
Ru
Sif Muna
Trog
Vehumet
Wu Jian
Yredelemnul
The Shining One


Innate Abilities, Weirdness & Mutations

You are a hulking beast.
Your limbs bulge with bestial killing power. (Slay +2)
Your plain brown scales are hard. (AC +6)
You cannot fit into any form of body armour.
You are cold-blooded and may be slowed by cold attacks.


Message History

The killer bee poisons you!
The killer bee stings you but does no damage.
You miss the killer bee. Your punch misses the killer bee.
The killer bee is moderately wounded.
You feel sick.
The killer bee stings you but does no damage.
You closely miss the killer bee.
Your tail-slap misses the killer bee.
The killer bee is moderately wounded.
The killer bee stings you.
* * * LOW HITPOINT WARNING * * *
The killer bee stings you.
* * * LOW HITPOINT WARNING * * *
You hit the killer bee.
The killer bee is moderately wounded.
You feel sick.
The killer bee stings you but does no damage.
The killer bee misses you.
You hit the killer bee.
You tail-slap the killer bee, but do no damage.
The killer bee is moderately wounded.
You feel sick. The killer bee stings you.
* * * LOW HITPOINT WARNING * * *
You are lethally poisoned!
The killer bee poisons you! The killer bee barely misses you.
You feel better. The killer bee barely misses you.
The killer bee closely misses you.
You feel yourself speed up. The killer bee barely misses you.
The killer bee stings you.
* * * LOW HITPOINT WARNING * * *
You hit the killer bee but do no damage.
You tail-slap the killer bee.
The killer bee is heavily wounded.
The killer bee barely misses you.
You barely miss the killer bee.
The killer bee is heavily wounded.
The killer bee stings you but does no damage.
You completely miss the killer bee. Your punch misses the killer bee.
The killer bee is heavily wounded.
The killer bee misses you. The killer bee stings you!
You die...

#...........
#..Y........ .$.........
.......... .........
########....#
........##+###
#.########............#
#......hyyy...........#
##########............##
....................
....................
.........###########
.........'....###
/........####...####
.........# ###.....
.........# #..###


You could see 3 killer bees.

Vanquished Creatures
  A hornet (D:3)
  A howler monkey (D:4)
  A hound (D:4)
  2 adders
  2 ribbon worms
  3 dart slugs
  11 orcs (D:4)
  5 endoplasms
  A giant cockroach (D:1)
  5 hobgoblins
  7 jackals (D:1)
  7 kobolds
  4 quokkas
  8 ball pythons
  5 bats
  7 frilled lizards
  5 goblins
  6 rats
81 creatures vanquished.

Vanquished Creatures (others)
  A human (D:3)
1 creature vanquished.

Grand Total: 82 creatures vanquished

Notes
Turn   | Place    | Note
-------+----------+-------------------------------------------
     0 | D:1      | Gadfly the Draconian Shapeshifter began the quest for the
                  | Orb.
     0 | D:1      | Reached XP level 1. HP: 16/16 MP: 1/1
   233 | D:1      | Reached XP level 2. HP: 15/23 MP: 2/2
   595 | D:1      | Reached skill level 1 in Evocations
   621 | D:1      | Reached XP level 3. HP: 28/28 MP: 3/3
  1290 | D:2      | Found a faded altar of an unknown god.
  1851 | D:2      | Learned a level 1 spell: Apportation
  2041 | D:3      | Reached XP level 4. HP: 23/36 MP: 4/4
  2504 | D:3      | Found an ancient bone altar of Kikubaaqudgha.
  2571 | D:3      | Noticed a human
  2572 | D:3      | Killed a human
  2591 | D:3      | Identified the +0 robe "Imacuuta" {rC+ rN+}
  2794 | D:4      | Noticed a hornet
  2809 | D:3      | Killed a hornet
  2810 | D:3      | Reached XP level 5. HP: 7/42 MP: 5/5
  2810 | D:3      | Reached XP level 6. HP: 9/49 MP: 6/6
  3292 | D:4      | Found a staircase to the Ecumenical Temple.
  3306 | Temple   | Entered the Ecumenical Temple
  3319 | Temple   | Became a worshipper of Ru the Awakened
  3342 | D:4      | You fall into a shaft and drop 3 floors!
  3347 | D:7      | Noticed an ice beast
  3396 | D:7      | Slain by a killer bee

Illustrated notes

Levels and vault maps discovered:
D:1:      dpeg_arrival_shrine, layout_loops_corners
D:2:      layout_loops_corners, chequers_ecumenical_altar_simple_redux,
          minmay_tree_intersection, minmay_misc_feat_plants,
          kennysheep_generic_room_2
D:3:      layout_loops_ring, tgw_kikubaaqudgha
D:4:      layout_gridville, minmay_temple_entry_large_hall,
          nrook_mini_backslash, kennysheep_windowed_goal
D:7:      layout_basic
Temple:   compressed_dpeg_triangle_lava_temple

Skill      XL: |  1  2  3  4  5  6 |
---------------+-------------------+-----
Dodging        | 2 3 |  3.3
Evocations     | 1 2 |  2.8
Fighting       | 2 |  2.6
Unarmed Combat | 4 |  4.2
Shapeshifting  | 4 |  4.1

Action                     |  1- 3 |  4- 6 || total
---------------------------+-------+-------++-------
  Melee: Unarmed           |   147 |    91 ||   238
         Tailslap          |    10 |     8 ||    18
         Punch             |     3 |     4 ||     7
    Use: Scroll            |     5 |     1 ||     6
         Potion            |       |     4 ||     4
   Stab: Sleeping          |     4 |     1 ||     5
 Armour: Skin              |    74 |    71 ||   145
  Dodge: Dodged            |    87 |    64 ||   151
